Map: Redshift LE

Players

Robola - Winner!

  • Race: Terran Terran
  • League: Diamond
  • Spawn Location: 11:00

supernass

  • Race: Protoss Protoss
  • League: Diamond
  • Spawn Location: 7:00

VOD

Have the link to the VOD?

Description

Time

  • Played on: May 16, 2018, 7:37 p.m.
  • Length: 12:46
Show
View Real Time Build Order
Export as new Build Order

Robola Terran - Winner!

Build Orders: Reaper Expand, MMM Bio 

Get SALT Encoding   

  12  0:01  SCV  
  13  0:13  SCV  
  14  0:18  Supply Depot  
  14  0:25  SCV  
  15  0:28  Refinery  
  15  0:40  SCV  
  16  0:46  Barracks  
  16  0:52  SCV  
  17  1:04  SCV  
  18  1:16  SCV  
  19  1:33  Orbital Command  
  19  1:34  Reaper  
  20  1:57  Command Center  
  20  1:58  SCV  
  21  2:10  SCV  
  21  2:11  Barracks Reactor  
  21  2:13  Factory  
  22  2:20  Supply Depot  
  22  2:23  SCV  
  22  2:42  SCV  
  23  2:47  Marine x2  
  25  2:54  SCV, Barracks  
  25  2:56  Widow Mine  
  25  2:58  Starport  
  28  3:05  Marine x2  
  29  3:09  Bunker  
  30  3:24  Marine x2  
  32  3:31  Cyclone  
  32  3:34  Orbital Command  
  35  3:42  Marine x2  
  35  3:45  Barracks Tech Lab  
  37  3:50  Refinery  
  37  3:51  SCV  
  37  3:55  Orbital Command  
  38  3:59  Engineering Bay  
  38  4:04  Marine x2  
  40  4:17  SCV  
  40  4:21  Marine, SCV  
  40  4:22  Marine  
  40  4:23  Medivac  
  46  4:29  Missile Turret  
  46  4:32  Supply Depot  
  46  4:34  Missile Turret  
  46  4:47  Supply Depot  
  46  4:54  Marine x2, SCV x2, Widow Mine  
  46  4:55  Stimpack  
  52  5:04  Marine  
  52  5:06  SCV  
  54  5:08  SCV  
  54  5:11  Marine, Supply Depot  
  54  5:13  Supply Depot  
  56  5:14  Marine  
  56  5:16  Starport Reactor  
  56  5:18  SCV  
  58  5:23  Factory Reactor  
  58  5:27  Marine  
  59  5:29  Marine  
  59  5:32  Marine  
  61  5:45  Marine  
  61  5:47  Marine  
  63  5:55  Marine  
  62  6:01  Barracks  
  62  6:02  Command Center  
  62  6:05  Marine  
  62  6:10  SCV  
  64  6:12  Medivac  
  64  6:13  Medivac, Marine  
  64  6:18  Marauder, SCV  
  71  6:22  SCV  
  72  6:27  Supply Depot  
  72  6:31  Terran Infantry Weapons Level 1  
  72  6:33  SCV  
  72  6:37  Marine x2  
  77  6:40  Widow Mine  
  77  6:46  Supply Depot  
  77  6:47  SCV  
  77  6:48  SCV  
  77  6:49  Widow Mine  
  77  6:54  Barracks Reactor  
  81  6:55  Combat Shields  
  81  6:56  Supply Depot  
  81  6:57  Barracks  
  81  7:09  SCV x2  
  81  7:10  Marine x3  
  81  7:12  Medivac  
  88  7:18  Orbital Command  
  88  7:21  SCV x2  
  86  7:27  Marine  
  86  7:28  Marine x2  
  71  7:30  Medivac  
  71  7:33  SCV x2  
  69  7:45  Marine x2  
  69  7:46  Marauder  
  69  7:48  Marine x3  
  67  8:03  Marine x2  
  69  8:06  Marine x3  
  69  8:08  Marauder  
  74  8:21  Marine x2  
  74  8:22  Orbital Command, SCV  
  77  8:29  Marauder  
  74  8:41  Marine  
  74  8:42  Marine  
  74  8:47  SCV  
  74  8:48  SCV  
  78  8:51  Marauder  
  78  8:53  Marine x2  
  82  8:56  Marine  
  82  9:00  SCV  
  84  9:08  Marine x2  
  86  9:11  Marine  
  86  9:12  Marauder  
  55  9:33  Marine x4, Marauder  
  55  9:38  Barracks  
  62  9:40  Barracks  
  62  9:42  Barracks Reactor  
  61  9:46  Widow Mine  
  61  9:47  Medivac, Widow Mine  
  61  9:51  Marine x4  
  71  9:55  Marauder  
  71  9:59  Terran Infantry Armor Level 1  
  73  10:00  Supply Depot  
  73  10:02  Orbital Command  
  73  10:08  Marine, Command Center  
  73  10:09  Marine x3  
  77  10:16  Marauder  
  74  10:31  Marine x3  
  68  10:37  Marauder  
  68  10:39  Marine x2, Orbital Command  
  68  10:40  Marine x3  
  75  10:48  Medivac  
  75  10:49  Marine x3  
  80  10:59  Marauder  
  80  11:00  Marine x2  
  84  11:07  Marine x2  
  84  11:08  Marine  
  87  11:20  Marauder  
  79  11:35  Marine x5  
  79  11:36  Marine x2  
  82  11:42  Marauder  
  75  11:53  Marine x3  
  76  12:03  Marauder  
  76  12:17  Marine x4  
  77  12:24  Marauder  
Show
View Real Time Build Order
Export as new Build Order

supernass Protoss 

Build Orders:  

Get SALT Encoding   

  1  0:00  Probe  
  12  0:05  Probe  
  14  0:21  Probe  
  14  0:22  Pylon  
  15  0:40  Probe  
  15  0:42  Gateway  
  16  0:45  Assimilator  
  16  0:52  Probe  
  17  1:00  Pylon  
  17  1:06  Probe  
  17  1:10  Assimilator  
  18  1:18  Probe  
  18  1:25  Zealot  
  19  1:30  Probe  
  19  1:31  Cybernetics Core  
  22  1:42  Probe  
  22  1:46  Assimilator  
  23  1:55  Probe  
  23  2:00  Sentry  
  23  2:01  Pylon  
  24  2:07  Probe  
  27  2:11  Warp Gate  
  27  2:19  Probe  
  28  2:24  Adept  
  30  2:49  Nexus  
  30  2:51  Adept  
  30  2:52  Probe  
  33  3:05  Probe  
  33  3:07  Twilight Council  
  34  3:13  Probe  
  35  3:20  Sentry  
  35  3:26  Pylon  
  37  3:30  Forge  
  37  3:37  Probe  
  38  3:44  Charge  
  38  3:47  Adept  
  40  3:51  Probe  
  41  4:00  Probe  
  41  4:03  Probe  
  41  4:08  Probe  
  43  4:15  Probe  
  45  4:18  Probe  
  46  4:27  Probe  
  46  4:29  Pylon  
  46  4:30  Probe  
  48  4:34  Pylon  
  48  4:38  Assimilator  
  48  4:39  Probe  
  48  4:40  Assimilator  
  48  4:42  Probe  
  48  4:44  Zealot, Gateway  
  48  4:45  Gateway  
  52  4:51  Probe  
  53  4:56  Probe  
  54  5:02  Templar Archives  
  54  5:04  Probe  
  55  5:16  Zealot  
  55  5:18  Protoss Ground Weapons Level 1  
  55  5:21  Probe x2  
  59  5:26  Photon Cannon  
  56  5:51  Stalker  
  56  5:52  Psionic Storm, Stalker  
  56  5:54  Stalker  
  60  6:12  Probe x2  
  62  6:20  High Templar x2  
  62  6:21  Stargate, Robotics Facility  
  62  6:24  Probe  
  67  6:26  Probe  
  67  6:32  High Templar  
  70  6:41  Pylon  
  70  6:47  Pylon  
  70  6:55  Nexus  
  70  6:56  Pylon  
  70  6:59  Probe x2  
  72  7:06  Gateway  
  72  7:07  Gateway  
  72  7:09  Phoenix, Gateway, Observer  
  69  7:32  Stalker x3  
  73  7:56  High Templar x2  
  77  8:21  Pylon  
  77  8:23  Pylon  
  77  8:24  Pylon  
  77  8:28  Photon Cannon  
  77  8:31  Shield Battery  
  75  8:40  Probe x2  
  77  8:45  Assimilator, Pylon  
  77  8:47  Protoss Ground Armor Level 1  
  77  8:48  Pylon  
  77  8:50  Probe, Pylon  
  77  8:52  Probe x2  
  80  8:56  Pylon  
  80  9:02  Probe  
  80  9:04  Probe x2  
  80  9:06  Photon Cannon  
  83  9:11  Photon Cannon  
  83  9:12  Shield Battery  
  83  9:15  Probe  
  78  9:19  Archon  
  78  9:21  Pylon  
  68  9:28  High Templar  
  70  9:32  Void Ray  
  70  9:33  Immortal  
  70  9:36  High Templar, Robotics Bay  
  80  9:44  Assimilator  
  80  9:47  Probe x3  
  80  9:52  Sentry, Zealot x2  
  87  9:59  Probe x2  
  91  10:04  Blink  
  91  10:10  Stalker  
  91  10:11  Stalker  
  95  10:38  Phoenix  
  95  10:41  Protoss Shields Level 1  
  95  10:42  Colossus  
  103  10:56  Robotics Facility  
  103  11:05  Photon Cannon  
  103  11:06  High Templar, Pylon  
  103  11:07  Zealot  
  103  11:08  Zealot x3  
  98  11:32  Zealot x2  
  82  11:33  Zealot x2  
  66  11:56  Zealot x4  
  66  11:57  Zealot  
  67  12:10  Zealot  
  67  12:12  High Templar  
  46  12:25  Stalker  
  46  12:27  Pylon  
  42  12:37  Pylon  
Tags
 
Composition
MMM Bio
Matchup
PvT
Spawn Locations
Close Positions
Add a new tag
Caveats
  • Supply blocks, unpowered buildings, or Contaminate may cause inaccurate times.
  • Supply counts are checked every 10 seconds.